 Dungeon Crawl Stone Soup version 0.31-a0-204-g7da18cac08 (webtiles) character file.

Game seed: 3342729876234099739

93 qw the Shooter (level 4, -1/25 HPs)
             Began as a Deep Elf Hunter on June 27, 2023.
             Slain by a gnoll
             ... wielding a +0 spear
              (3 damage)
             ... on level 3 of the Dungeon.
             The game lasted 00:00:34 (1471 turns).

qw the Shooter (Deep Elf Hunter)                    Turns: 1471, Time: 00:00:35

Health: -1/25      AC:  4    Str: 10    XL:     4   Next: 36%
Magic:  6/6        EV: 12    Int: 14    God:
Gold:   85         SH:  0    Dex: 18    Spells: 3/3 levels left

rFire   . . .        Y - +1 shortbow
rCold   . . .        (shield currently unavailable)
rNeg    + . .        f - +0 leather armour {rN+}
rPois   .            (no helmet)
rElec   .            (no cloak)
rCorr   .            (no gloves)
SInv    .            d - +0 pair of boots
Will    .....        (no amulet)
Stlth   ++           (no ring)
HPRegen 0.24/turn    (no ring)
MPRegen 0.10/turn

%: no passive effects
@: no status effects
A: no striking features
a: no special abilities


You were on level 3 of the Dungeon.
You visited 1 branch of the dungeon, and saw 3 of its levels.

You collected 85 gold pieces.


   Skills:
 - Level 1.5 Fighting
 + Level 7.8 Ranged Weapons
 - Level 2.4 Dodging
 - Level 1.2 Stealth


You had 3 spell levels left.
You didn't know any spells.
Your spell library was empty.

Inventory:

Hand Weapons
 Y - a +1 shortbow (weapon)
Armour
 d - a +0 pair of boots (worn)
 f - a +0 leather armour of positive energy (worn)
Scrolls
 b - a scroll of identify
 c - a scroll of silence {unknown}
Potions
 a - a potion of enlightenment {unknown}
 e - a potion of invisibility {unknown}
 g - a potion of cancellation {unknown}
 h - a potion of heal wounds {unknown}
 i - a potion of attraction {unknown}
 k - a potion of brilliance {unknown}

Dungeon Overview and Level Annotations

Branches:
Dungeon (3/15)

Altars:


Message History

The gnoll shouts!
The arrow hits the gnoll!
The gnoll is severely wounded.
The gnoll hits you from afar with a +0 spear.
You shoot an arrow. The arrow hits the gnoll.
You kill the gnoll!
1458 ||| FLEEEEING.
Found 2 metallic golden potions.
1459 ||| FLEEEEING.
1460 ||| FLEEEEING.
You shoot an arrow.
The arrow hits the gnoll but does no damage.
You shoot an arrow. The arrow barely misses the gnoll.
You shoot an arrow. The arrow hits the gnoll.
The gnoll is lightly wounded.
The gnoll barely misses you.
You shoot an arrow. The arrow barely misses the gnoll.
The gnoll hits you from afar with a +0 spear.
The gnoll misses you.
You shoot an arrow. The arrow barely misses the gnoll.
The gnoll misses you. The gnoll closely misses you.
You shoot an arrow. The arrow barely misses the gnoll.
The gnoll hits you from afar with a +0 spear.
The gnoll barely misses you.
You shoot an arrow. The arrow hits the gnoll!
The gnoll is almost dead.
The gnoll misses you. The gnoll hits you with a +0 whip.
The gnoll closely misses you.
The gnoll hits you from afar with a +0 spear.
You shoot an arrow. The arrow barely misses the gnoll.
The gnoll misses you. The gnoll completely misses you.
You shoot an arrow. The arrow closely misses the gnoll.
The gnoll hits you from afar with a +0 spear.
The gnoll hits you with a +0 whip.
You shoot an arrow. The arrow hits the gnoll!
You kill the gnoll!
The gnoll hits you from afar with a +0 spear.
You shoot an arrow. The arrow hits the gnoll.
The gnoll is lightly wounded.
The gnoll hits you from afar with a +0 spear.
You die...

.. #)##.##.### # ...
#... ....# ..#
....####..####..#....#
..............<....#
#.........#.####.#
#####.....#......#
#../..##.#########
##.###.#....
##..###@######
#......).......
#.....g........
#.(............
##[##'##....... #.##)#
....... #.##.# .......
#.##.# ....!.. #.##.#
#####


You could see a gnoll.

Vanquished Creatures
  3 gnolls
  2 adders (D:2)
  A worm (D:2)
  6 ball pythons
  4 bats
  3 endoplasms (D:1)
  2 giant cockroaches (D:1)
  6 goblins
  2 hobgoblins (D:1)
  4 quokkas
  3 frilled lizards
  3 kobolds
  6 rats
45 creatures vanquished.

Notes
Turn   | Place    | Note
-------+----------+-------------------------------------------
     0 | D:1      | qw the Deep Elf Hunter began the quest for the Orb.
     0 | D:1      | Reached XP level 1. HP: 12/12 MP: 3/3
     0 | D:1      | 0 ||| qw: Version: 0.3-a-22-g0ed2b0b
     0 | D:1      | 0 ||| qw: Game counter: 6540
     0 | D:1      | 0 ||| qw: Melee chars always use a shield: true
     0 | D:1      | 0 ||| qw: God list: Okawaru
     0 | D:1      | 0 ||| qw: Allow faded altars: false
     0 | D:1      | 0 ||| qw: Do Orc after clearing Dungeon:15 true
     0 | D:1      | 0 ||| qw: Do second Lair branch before Depths: true
     0 | D:1      | 0 ||| qw: Lair rune preference: random
     0 | D:1      | 0 ||| qw: Goals: Normal
     0 | D:1      | 0 ||| PLANNING D:1-11
   157 | D:1      | Reached skill level 6 in Ranged Weapons
   157 | D:1      | Reached XP level 2. HP: 12/16 MP: 4/4
   312 | D:1      | Reached XP level 3. HP: 20/20 MP: 5/5
   329 | D:1      | Found a faded altar of an unknown god.
   644 | D:1      | 644 ||| UPGRADING to +0 pair of boots.
   649 | D:1      | 649 ||| READING scroll labelled FYIGUUGERR.
   650 | D:1      | 650 ||| READING scroll labelled EMUSHUI GUTTO.
   651 | D:1      | 651 ||| READING scroll labelled YVVONAIWKI.
   652 | D:1      | 652 ||| READING scroll labelled HYBATA HEMNY.
   656 | D:1      | 656 ||| READING scroll labelled UQIROE CIEP.
   657 | D:1      | 657 ||| DROPPING scroll of butterflies.
   730 | D:2      | Reached skill level 7 in Ranged Weapons
   788 | D:2      | 788 ||| STAIRDANCE
  1163 | D:2      | Reached XP level 4. HP: 24/25 MP: 6/6
  1405 | D:2      | 1405 ||| UPGRADING to +0 leather armour of positive energy.
  1415 | D:2      | 1415 ||| DROPPING +0 leather armour.
  1458 | D:3      | 1458 ||| FLEEEEING.
  1459 | D:3      | 1459 ||| FLEEEEING.
  1460 | D:3      | 1460 ||| FLEEEEING.
  1470 | D:3      | HP: 2/25 [gnoll/+0 spear (6)]
  1471 | D:3      | Slain by a gnoll

Levels and vault maps discovered:
D:1:      psy_arrival_basics, layout_loops_ring,
          hellmonk_ecumenical_altar_slurped_away
D:2:      layout_loops_ring, grunt_decor_clamped, minmay_domino_2
D:3:      minmay_general_purpose_star, layout_basic, lemuel_round_altar,
          serial_shops, nicolae_shop_trees

Skill      XL: |  1  2  3 |
---------------+----------+-----
Ranged Weapons | 6 7 |  7.8
Fighting       | |  1.5
Dodging        | |  2.4
Stealth        | |  1.2

Action                     |  1- 3 |  4- 6 || total
---------------------------+-------+-------++-------
   Fire: Shortbow          |   110 |    18 ||   128
    Use: Scroll            |     5 |       ||     5
 Armour: Leather armour    |     7 |       ||     7
  Dodge: Dodged            |    12 |     9 ||    21

Table legend:
 A = Non-vault XP
 B = Vault XP
 C = Vault XP percentage of total XP
 D = Non-vault monster count
 E = Vault monster count
 F = Vault count percentage of total count
                 A         B        C        D         E       F
            +---------+---------+-------+---------+---------+-------
      Total |     124 |       9 |   6.8 |      42 |       3 |   6.7
            +---------+---------+-------+---------+---------+-------
        D:1 |      58 |       2 |   3.3 |      29 |       1 |   3.3
        D:2 |      36 |       7 |  16.3 |      10 |       2 |  16.7
        D:3 |      30 |       0 |   0.0 |       3 |       0 |   0.0
            +---------+---------+-------+---------+---------+-------
